 Dungeon Crawl Stone Soup version 0.20.0-15-g7f486f2 (webtiles) character file.

89 systemy the Chopper (level 4, -2/41 HPs)
             Began as a Minotaur Berserker on June 24, 2017.
             Was a Believer of Trog.
             Slain by Grinder (3 damage)
             ... on level 3 of the Dungeon.
             The game lasted 00:02:16 (1456 turns).

systemy the Chopper (Minotaur Berserker)            Turns: 1456, Time: 00:02:17

Health: -2/41      AC:  2    Str: 23    XL:     4   Next: 31%
Magic:  3/3        EV: 12    Int:  4    God:    Trog [**....]
Gold:   58         SH:  0    Dex:  9    Spells: 3/3 levels left

rFire    . . .     SeeInvis .   a - +0 hand axe
rCold    . . .     Gourm    .   (no shield)
rNeg     . . .     Faith    .   b - +0 animal skin
rPois    .         Spirit   .   (helmet restricted)
rElec    .         Reflect  .   (no cloak)
rCorr    .         Harm     .   (no gloves)
MR       .....                  (no boots)
Stlth    +.........             (no amulet)
Regen    0.2/turn               (no ring)
MPRegen  0.1/turn               (no ring)

@: berserk cooldown, slowed, very slow
A: retaliatory headbutt, horns 2
a: Berserk, Trog's Hand, Burn Spellbooks, Renounce Religion


You were on level 3 of the Dungeon.
You worshipped Trog.
Trog was pleased with you.
You were hungry.

You visited 1 branch of the dungeon, and saw 3 of its levels.

You collected 58 gold pieces.

Inventory:

Hand Weapons
 a - a +0 hand axe (weapon)
Armour
 b - a +0 animal skin (worn)
Jewellery
 e - a +4 ring of strength {unknown}
 s - an uncursed ring of positive energy {unknown}
Scrolls
 i - a scroll of noise {unknown}
 k - 3 scrolls of random uselessness {unknown}
 l - a scroll of recharging {unknown}
 m - 2 scrolls of immolation {unknown}
 p - 2 scrolls of identify {unknown}
 r - 2 scrolls of teleportation {unknown}
Potions
 d - a potion of degeneration {unknown}
 f - a potion of mutation {unknown}
 j - 2 potions of curing {unknown}
 o - a potion of haste {unknown}
 q - a potion of flight {unknown}
 u - a potion of brilliance {unknown}
Books
 t - a book of Summonings

   Spells                             Type                      Level
   a - Recall                         Summoning/Translocation      3
   b - Aura of Abjuration             Summoning                    5
   c - Summon Demon                   Summoning                    5
   d - Summon Forest                  Summoning/Translocation      5
   e - Summon Mana Viper              Hexes/Summoning              5
   f - Shadow Creatures               Summoning                    6
   Trog disapproves of the use of such an item.
Comestibles
 c - 4 bread rations
 g - 3 fruits
 h - 2 royal jellies
 n - a meat ration
 v - a chunk of flesh


   Skills:
 + Level 4.7 Fighting
 + Level 5.1 Axes
 + Level 2.8 Armour
 - Level 2.1 Dodging
 + Level 0.3 Stealth


You had 3 spell levels left.
You didn't know any spells.

Dungeon Overview and Level Annotations

Branches:
Dungeon (3/15)

Altars:

Annotations:
D:3 Grinder


Innate Abilities, Weirdness & Mutations

You reflexively headbutt those who attack you in melee.
You have a pair of horns on your head.


Message History

Trog accepts your kill.
You slash Grinder! Grinder misses you.
Grinder blinks!
Things that are here:
an enchanted short sword; an enchanted flail You feel a strong urge to attack something.
You are no longer berserk.
You are exhausted.
You feel yourself slow down.
You see here a scroll labeled OWOSOS KAIRRO.
You are feeling hungry.
You closely miss Grinder. Your headbutt misses Grinder.
Grinder is moderately wounded.
Grinder barely misses you. Grinder closely misses you.
You hit Grinder. You headbutt Grinder.
Grinder is heavily wounded.
Grinder hits you!
* * * LOW HITPOINT WARNING * * *
You writhe in agony.
You die...

##. ##.#.#.... .
#.. .......#
.###.. #..#....
......#####....#
#......)...#
#....)...<###
#....)........#
#..?.....####....
#..@.....# #.
#..5.....#
#........#
#.>......#
#........#
#######<.# .## #


You could see Grinder.

Vanquished Creatures
  3 adders (D:2)
  An ooze (D:1)
  A worm (D:2)
  5 orcs (D:3)
  4 giant cockroaches
  5 goblins (D:1)
  8 hobgoblins
  2 jackals (D:1)
  2 ball pythons (D:1)
  6 bats
  3 frilled lizards
  4 kobolds (D:1)
  5 rats
49 creatures vanquished.

Notes
Turn   | Place    | Note
-------+----------+-------------------------------------------
     0 | D:1      | systemy the Minotaur Berserker began the quest for the Orb.
     0 | D:1      | Reached XP level 1. HP: 19/19 MP: 0/0
    53 | D:1      | Reached XP level 2. HP: 27/27 MP: 1/1
   212 | D:1      | Reached skill level 4 in Axes
   294 | D:1      | Reached ** piety under Trog
   294 | D:1      | Reached XP level 3. HP: 15/34 MP: 2/2
  1318 | D:2      | Reached XP level 4. HP: 34/41 MP: 3/3
  1416 | D:2      | Reached skill level 5 in Axes
  1440 | D:3      | Noticed Grinder
  1456 | D:3      | HP: 1/41 [Grinder (10)]
  1456 | D:3      | Slain by Grinder

Skill      XL: |  1  2  3  4 |
---------------+-------------+-----
Fighting       | 4 |  4.7
Axes           | 4 5 |  5.1
Armour         | |  2.8
Dodging        | |  2.1
Stealth        | |  0.3

Action                   |  1- 3 |  4- 6 || total
-------------------------+-------+-------++-------
Melee: Hand axe          |    66 |    14 ||    80
       Headbutt          |    10 |     3 ||    13
Invok: Berserk           |       |     1 ||     1
 Stab: Distracted        |     1 |       ||     1
  Eat: Chunk             |     1 |     1 ||     2
Armor: Animal skin       |    14 |       ||    14
Dodge: Dodged            |    64 |    13 ||    77
